 Dungeon Crawl Stone Soup version 0.28-a0-728-g0181a31188 (webtiles) character file.

Game seed: 13795795433965525162

7 bkdvsvb the Sneak (level 1, 0/9 HPs)
             Began as a Spriggan Enchanter on Oct 28, 2021.
             Killed from afar by a dart slug (3 damage)
             ... with a slug dart
             ... on level 1 of the Dungeon.
             The game lasted 00:01:21 (840 turns).

bkdvsvb the Sneak (Spriggan Enchanter)               Turns: 840, Time: 00:01:21

Health: 0/9        AC:  2    Str:  4    XL:     1   Next: 91%
Magic:  5/5        EV: 17    Int: 16    God:
Gold:   12         SH:  0    Dex: 15    Spells: 6/6 levels left

rFire   . . .      SeeInvis +   a - +1 dagger
rCold   . . .      Faith    .   (shield restricted)
rNeg    . . .      Spirit   .   b - +0 robe
rPois   .          Reflect  .   (helmet restricted)
rElec   .          Harm     .   (no cloak)
rCorr   .          Rampage  .   (gloves unavailable)
Will    .....                   (boots unavailable)
Stlth   +++.......              (no amulet)
HPRegen 0.03/turn               (no ring)
MPRegen 0.09/turn               (no ring)

@: very quick
A: very small, no large weapons, unfitting armour, see invisible, speed 3
a: no special abilities


You were on level 1 of the Dungeon.
You visited 1 branch of the dungeon, and saw 1 of its levels.

You collected 12 gold pieces.

Inventory:

Hand Weapons
 a - a +1 dagger (weapon)
Armour
 b - a +0 robe (worn)
Potions
 c - a potion of invisibility
 d - a potion of magic


   Skills:
 - Level 1.1 Short Blades
 - Level 2.6 Dodging
 - Level 4.4 Stealth
 + Level 3.1 Spellcasting
 + Level 4.0 Hexes


You had 6 spell levels left.
You didn't know any spells.
Your spell library contained the following spells:

 Spells                   Type           Power      Damage    Failure   Level
 Confusing Touch          Hex            15%        N/A       11%         3
 Tukima's Dance           Hex            15%        N/A       11%         3
 Ensorcelled Hibernation  Hex/Ice        16%        N/A       12%         2
 Dazzling Flash           Conj/Hex       16%        N/A       24%         3


Dungeon Overview and Level Annotations

Branches:
Dungeon (1/15)

Altars:

Shops:
D:1 *


Innate Abilities, Weirdness & Mutations

You are very small and have problems with some larger weapons.
You are too small for most types of armour.
You have supernaturally acute eyesight. (SInv)
You cover ground extremely quickly. (Speed+++)


Message History

There is an open door here.
There is an open door here.
A kobold comes into view. It is wielding a +0 club.
The kobold shouts!
You barely miss the kobold. The kobold closely misses you.
You barely miss the kobold. The kobold hits you but does no damage.
You hit the kobold.
The kobold is moderately wounded.
The kobold hits you with a +0 club.
You hit the kobold but do no damage.
The kobold is moderately wounded.
The kobold barely misses you.
You hit the kobold.
You kill the kobold!
Your Hexes skill increases to level 4!
No target in view!
No target in view!
No target in view!
No target in view!
No target in view!
Things that are here:
a +0 club; 4 stones You open the door.
Things that are here:
a +0 club; 4 stones A dart slug comes into view.
You hit the dart slug.
The dart slug is lightly wounded.
The dart slug launches a dart at you. The slug dart hits you.
Ouch! That really hurt!
You are too injured to fight recklessly!
You are too injured to fight recklessly!
You are too injured to fight recklessly!
You are too injured to fight recklessly!
The dart slug launches a dart at you. The slug dart misses you.
The dart slug launches a dart at you. The slug dart hits you.
You die...

##.......# *..# #
#....######.##
####...####...*
.............#*
.............#
.>.#.........#
...........w.###
...............#############
......#####.....@....).....#
...#..# #.####....######'#
...##.# #.###.....#≈≈≈≈≈##
...##.# #.##......#....≈#
....#.# #.##......#....≈#
#.#.#.# #.##......#....≈#
#...#.#####..#......'######
###....................#
......##............)..#


You could see a dart slug.

Vanquished Creatures
  An endoplasm (D:1)
  A hobgoblin (D:1)
  A ball python (D:1)
  A bat (D:1)
  2 frilled lizards (D:1)
  2 goblins (D:1)
  A kobold (D:1)
9 creatures vanquished.

Notes
Turn   | Place    | Note
-------+----------+-------------------------------------------
     0 | D:1      | bkdvsvb the Spriggan Enchanter began the quest for the Orb.
     0 | D:1      | Reached XP level 1. HP: 9/9 MP: 5/5
   619 | D:1      | Found a faded altar of an unknown god.
   638 | D:1      | Found Herixt's Assorted Antiques.
   840 | D:1      | Killed from afar by a dart slug

Illustrated notes

Levels and vault maps discovered:
D:1:      dpeg_arrival_rooms_c, layout_rooms, chequers_ecumenical_altar_island,
          serial_shops, nicolae_shop_waterfront, chequers_serial_rivers_room_a

Skill      XL: |  1 |
---------------+----+-----
Spellcasting   | 3 |  3.1
Hexes          | 4 |  4.0
Short Blades   | |  1.1
Dodging        | |  2.6
Stealth        | |  4.4

Action                   || total
-------------------------++-------
Melee: Dagger            ||    31
  Use: Scroll            ||     3
 Stab: Sleeping          ||     3
Armor: Robe              ||     1
Dodge: Dodged            ||    19

Table legend: (Time is in decaauts)
 A = Elapsed time spent in this place.
 B = Non-inter-level travel time spent in this place.
 C = Inter-level travel time spent in this place.
 D = Time resting spent in this place.
 E = Time spent auto-exploring this place.
 F = Levels seen in this place.
 G = Mean time per level.
                   A        B        C        D        E       F      G
               +--------+--------+--------+--------+--------+-----+--------+
         Total |    751 |    751 |      0 |    250 |    412 |   1 |  751.0 |
       Dungeon |    751 |    751 |      0 |    250 |    412 |   1 |  751.0 |
               +--------+--------+--------+--------+--------+-----+--------+

Top non-repeatable levels by time:
     D:1: 751 daAuts
